AoeStats
← MattAtArms

Arabia

506895435Analyzed
1v1 RM · 18d ago on Sep 15, 2026· 48m 22s· 2 players
Game mode
Random Map
Map size
Tiny (2 player)
Population
200
Speed
Normal
Resources
Standard
Victory
Conquest
Starting age
Dark Age
Ending age
Imperial Age
RankedLock teamsTeams togetherTeam positionsShared explorationLock speedFull tech treeHidden civsTurbo modeCheats
Victory
Defeat
🇬🇧 Bulgarians · United Kingdom
1906
+19
🇬🇧 Goths · United Kingdom
1979
-19
The Great Tiger Paw
7:04 Loom
9:48 Feudal Age
10:40 Double-Bit Axe
15:14 Scale Barding Armor
16:41 Forging
20:44 Bloodlines
22:09 Wheelbarrow
24:47 Castle Age
23:15 Horse Collar
23:26 Gold Mining
25:56 Chain Barding Armor
24:57 Light Cavalry
25:37 Husbandry
26:32 Iron Casting
28:40 Bow Saw
31:41 Fletching
32:22 Bodkin Arrow
39:27 Imperial Age
40:12 Hand Cart
39:43 Town Watch
39:59 Heavy Plow
40:50 Plate Barding Armor
39:43 Cavalier
41:41 Squires
41:42 Scale Mail Armor
42:34 Conscription
42:54 Ballistics
42:46 Bracer
43:10 Chain Mail Armor
43:41 Hussar
45:02 Plate Mail Armor
45:41 Gambesons
46:05 Bagains
46:03 Capped Ram
46:59 Town Patrol
48:14 Blast Furnace
47:14 Padded Archer Armor
47:17 Stirrups
47:14 Siege Ram
48:21 Arson
MattAtArms
0:48 Loom
9:24 Feudal Age
9:39 Man-at-Arms
10:30 Double-Bit Axe
15:41 Fletching
22:06 Castle Age
20:23 Padded Archer Armor
21:11 Gold Mining
22:12 Horse Collar
22:11 Crossbowman
23:15 Bodkin Arrow
23:58 Bow Saw
28:00 Leather Archer Armor
28:16 Ballistics
31:03 Wheelbarrow
40:20 Imperial Age
38:10 Scale Mail Armor
38:17 Pikeman
39:50 Chain Mail Armor
40:46 Forging
40:37 Halberdier
42:29 Iron Casting
45:19 Chemistry
45:39 Blast Furnace
45:02 Conscription
45:29 Hand Cart
44:55 Long Swordsman
45:36 Two-Handed Swordsman
46:51 Champion
48:28 Squires
Connection lost

Rejoining the realm…

Still unreachable

The connection could not be restored.

Session expired

The server has moved on; the page needs a fresh start.